Workbook

Sheet IP-URT-1-2025
B1: Versión:Complemento de la Invitación Pública. - Proceso de selección: PROCESO DE CONTRATACIÓN MINÍMA CUANTÍA No.IP-URT-1-2025
A3: IDENTIFICACIÓN Y CLASIFICACIÓN DEL RIESGO | N3: TRATAMIENTO DEL RIESGO
A5: N° | B5: Clase | C5: Fuente | D5: Etapa | E5: Tipo | F5: Descripción (Qué puede pasar y, cómo puede ocurrir) | G5: Consecuencia de la ocurrencia del evento | H5: Probabilidad | I5: Impacto | J5: Valoración del riesgo | K5: Categoría | L5: ¿A quién se le asigna? | M5: % Asignación | N5: N° | O5: Tratamiento/ Controles a ser implementados | P5: Impacto después del tratamiento | T5: ¿Afecta la ejecución del contrato? | U5: Responsable por implementar el tratamiento | V5: Fecha estimada en que se inicia el tratamiento | W5: Fecha estimada en que se completa el tratamiento | X5: Monitoreo y revisión
P6: Probabilidad | Q6: Impacto | R6: Valoración del riesgo | S6: Categoría | X6: ¿Cómo se realiza el monitoreo? | Y6: Periodicidad ¿Cuándo?
A8: 1 | B8: Especifico | C8: Externo | D8: Ejecución | E8: Operacional | F8: Falta de idoneidad del personal destinado al transporte del acervo documental (expedientes de archivo físico, medios magnéticos y demás unidades de conservación) de propiedad de la UAEGRTD | G8: Dificultad la ejecución del contrato de manera baja, aplicando medidas mínimas se puede lograr el el objeto contractual | H8: 3 | I8: 2 | J8: =SUM(H8:I8) -> 5 | K8: =VLOOKUP(J8,Inputs!$E$2:$F$12,2,FALSE) -> Medio | L8: Proveedor | M8: 1 | N8: 1 | O8: LA UAEGRTD solicitará al proveedor sustitución del personal en base a la carta de compromiso y aceptación de las especificaciones técnicas | P8: 2 | Q8: 1 | R8: =SUM(P8:Q8) -> 3 | S8: MEDIO | T8: SI | U8: Entidad Contratantr | V8: Desde el perfeccionamiento del contrato | W8: Terminación del plazo de ejecución | X8: SEGUIMIENTO DEL PROCESO Por pate del supervisor del contrato verificando y dejando constancia en su informe mensual del cumplimiento de las obligaciones pactadas | Y8: MENSUAL
A9: 2 | B9: Especifico | C9: Externo | D9: Ejecución | E9: Operacional | F9: No contar con la disponibilidad de los equipos y/o vehículos para prestar el servicio de transporte público terrestre especial automotor en las diferentes modalidades requeridas con conductor para las Direcciones Territoriales con las que cuenta la UAEGRTD. | G9: Dificultad la ejecución del contrato de manera baja, aplicando medidas mínimas se puede lograr el el objeto contractual | H9: 3 | I9: 2 | J9: =SUM(H9:I9) -> 5 | K9: =VLOOKUP(J9,Inputs!$E$2:$F$12,2,FALSE) -> Medio | L9: Proveedor | M9: 1 | N9: 2 | O9: LA UAEGRTD Exigirá el cumplimiento de las especificaciones técnicas establecidas y afectará la póliza constituida por el proveedor en caso de respuesta negativa. | P9: 1 | Q9: 1 | R9: =SUM(P9:Q9) -> 2 | S9: MEDIO | T9: SI | U9: Entidad Contratantr | V9: Desde el perfeccionamiento del contrato | W9: Terminación del plazo de ejecución | X9: SEGUIMIENTO DEL PROCESO Por pate del supervisor del contrato verificando y dejando constancia en su informe mensual del cumplimiento de las obligaciones pactadas | Y9: MENSUAL
A10: 3 | B10: Especifico | C10: Externo | D10: Ejecución | E10: Operacional | F10: Falta de idoneidad y/o aptitud del personal destinado al servicio de transporte público terrestre especial automotor en las diferentes modalidades requeridas con conductor para las Direcciones Territoriales con las que cuenta la UAEGRTD. | G10: Dificultad la ejecución del contrato de manera baja, aplicando medidas mínimas se puede lograr el el objeto contractual | H10: 3 | I10: 2 | J10: 5 | K10: =VLOOKUP(J10,Inputs!$E$2:$F$12,2,FALSE) -> Medio | L10: Proveedor | M10: 1 | N10: 3 | O10: LA UAEGRTD solicitará al proveedor sustitución del personal en base a la carta de compromiso y aceptación de las especificaciones técnicas | P10: 1 | Q10: 1 | R10: =SUM(P10:Q10) -> 2 | S10: MEDIO | T10: SI | U10: Entidad Contratantr | V10: Desde el perfeccionamiento del contrato | W10: Terminación del plazo de ejecución | X10: SEGUIMIENTO DEL PROCESO Por pate del supervisor del contrato verificando y dejando constancia en su informe mensual del cumplimiento de las obligaciones pactadas | Y10: MENSUAL
A11: 4 | B11: Especifico | C11: Externo | D11: Ejecución | E11: Operacional | F11: Daños a los colaboradores de la UAEGRTD como consecuencia de la prestación del el servicio de transporte público terrestre especial automotor en las diferentes modalidades requeridas con conductor para las Direcciones Territoriales con las que cuenta la UAEGRTD, con ocasión de la ejecución del contrato. | G11: Dificultad la ejecución del contrato de manera baja, aplicando medidas mínimas se puede lograr el el objeto contractual | H11: 2 | I11: 4 | J11: =SUM(H11:I11) -> 6 | K11: =VLOOKUP(J11,Inputs!$E$2:$F$12,2,FALSE) -> Alto | L11: Proveedor | M11: 1 | N11: 4 | O11: La UAEGRTD Hará efectiva la garantía de cumplimiento y calidad del servicio, ademas de aplicar las correspondientes multas y/o sanciones. | P11: 1 | Q11: 1 | R11: =SUM(P11:Q11) -> 2 | S11: =VLOOKUP(R11,Inputs!$E$2:$F$12,2,FALSE) -> Bajo | T11: SI | U11: Entidad Contratantr | V11: Desde el perfeccionamiento del contrato | W11: Terminación del plazo de ejecución | X11: SEGUIMIENTO DEL PROCESO Por pate del supervisor del contrato verificando y dejando constancia en su informe mensual del cumplimiento de las obligaciones pactadas | Y11: MENSUAL
A12: 5 | B12: Especifico | C12: Externo | D12: Ejecución | E12: Operacional | F12: Daños a terceros como consecuencia del servicio de transporte público terrestre especial automotor en las diferentes modalidades requeridas con conductor para las Direcciones Territoriales con las que cuenta la UAEGRTD, con ocasión de la ejecución del contrato. | G12: Dificultad la ejecución del contrato de manera baja, aplicando medidas mínimas se puede lograr el el objeto contractual | H12: 2 | I12: 4 | J12: =SUM(H12:I12) -> 6 | K12: Medio | L12: Proveedor | M12: 1 | N12: 5 | O12: La UAEGRTD Hará efectiva la garantía de responsabilidad civil extracontractual | P12: 1 | Q12: 1 | R12: =SUM(P12:Q12) -> 2 | S12: =VLOOKUP(R12,Inputs!$E$2:$F$12,2,FALSE) -> Bajo | T12: SI | U12: Entidad Contratantr | V12: Desde el perfeccionamiento del contrato | W12: Terminación del plazo de ejecución | X12: SEGUIMIENTO DEL PROCESO Por pate del supervisor del contrato verificando y dejando constancia en su informe mensual del cumplimiento de las obligaciones pactadas | Y12: MENSUAL
A13: 6 | B13: Especifico | C13: Externo | D13: Ejecución | E13: Operacional | F13: Incorrecto funcionamiento y/o daños de los equipos (vehículos) destinados a la prestación del servicio de transporte público terrestre especial automotor en las diferentes modalidades requeridas con conductor para las Direcciones Territoriales con las que cuenta la de la UAEGRTD. | G13: Obstruye la ejecución del contrato sustancialmente pero aun así permite la consecución del objeto contractual | H13: 3 | I13: 3 | J13: =SUM(H13:I13) -> 6 | K13: =VLOOKUP(J13,Inputs!$E$2:$F$12,2,FALSE) -> Alto | L13: Proveedor | M13: 1 | N13: 6 | O13: La UAEGRTD no cancelará servicios incompeltos o por perdida parcial y total de los vehículos suministrados para garantizar la ejecución del contrato, solicita al proveedor el cambio de vehículo o aplica la clausula de multas y sanciones, ademas de hacer efectiva la póliza. | P13: 1 | Q13: 1 | R13: =SUM(P13:Q13) -> 2 | S13: =VLOOKUP(R13,Inputs!$E$2:$F$12,2,FALSE) -> Bajo | T13: SI | U13: Entidad Contratantr | V13: Desde el perfeccionamiento del contrato | W13: Terminación del plazo de ejecución | X13: SEGUIMIENTO DEL PROCESO Por pate del supervisor del contrato verificando y dejando constancia en su informe mensual del cumplimiento de las obligaciones pactadas | Y13: MENSUAL
A14: 7 | B14: Especifico | C14: Externo | D14: Ejecución | E14: Operacional | F14: Retrasos en la prestación del servicio de transporte público terrestre especial automotor en las diferentes modalidades requeridas con conductor para las Direcciones Territoriales con las que cuenta la UAEGRTD. | G14: Dificulta la ejecución del contrato de manera baja, aplicando medidas mínimas se puede lograr el objeto contractual | H14: 2 | I14: 4 | J14: =SUM(H14:I14) -> 6 | K14: =VLOOKUP(J14,Inputs!$E$2:$F$12,2,FALSE) -> Alto | L14: Proveedor | M14: 1 | N14: 7 | O14: La UAEGRTD aplicará las medidas pertinentes para garantizar la ejecución del contrato, llevando a cabo servicio requerido, en caso negativo aplicará la clausula de sanción o multas, ademas de hacer efectiva la póliza constituida por el proveedor. | P14: 1 | Q14: 1 | R14: =SUM(P14:Q14) -> 2 | S14: =VLOOKUP(R14,Inputs!$E$2:$F$12,2,FALSE) -> Bajo | T14: SI | U14: Entidad Contratantr | V14: Desde el perfeccionamiento del contrato | W14: Terminación del plazo de ejecución | X14: SEGUIMIENTO DEL PROCESO Por pate del supervisor del contrato verificando y dejando constancia en su informe mensual del cumplimiento de las obligaciones pactadas | Y14: MENSUAL
A15: 8 | B15: Especifico | C15: Externo | D15: Ejecución | E15: Operacional | F15: Accidentes de trabajo del personal propio del contratista | G15: Obstruye la ejecucion del contrato de manera intrasoendente. | H15: 2 | I15: 4 | J15: =SUM(H15:I15) -> 6 | K15: =VLOOKUP(J15,Inputs!$E$2:$F$12,2,FALSE) -> Alto | L15: Proveedor | M15: 1 | N15: 8 | O15: La UAEGRTD solicitará al proveedor sustitución del personal en base a la carta de compromiso y aceptación de las especificaciones técnicas y deberá grantizar el debido aceeso de sus personal al sistema de salud a traves de los diferentes medios que lo garanticen. | P15: 1 | Q15: 1 | R15: =SUM(P15:Q15) -> 2 | S15: =VLOOKUP(R15,Inputs!$E$2:$F$12,2,FALSE) -> Bajo | T15: SI | U15: Entidad Contratantr | V15: Desde el perfeccionamiento del contrato | W15: Terminación del plazo de ejecución | X15: SEGUIMIENTO DEL PROCESO Por pate del supervisor del contrato verificando y dejando constancia en su informe mensual del cumplimiento de las obligaciones pactadas | Y15: MENSUAL
A16: 9 | B16: Especifico | C16: Externo | D16: Ejecución | E16: Operacional | F16: No pago oportuno y/o extemporáneo de las salarios y demás prestaciones de los trabajadores vinculados al contratista. | G16: Dificulta la ejecución del contrato de manera baja, aplicando medidas mínimas se puede lograr el objeto contractual | H16: 3 | I16: 3 | J16: =SUM(H16:I16) -> 6 | K16: =VLOOKUP(J16,Inputs!$E$2:$F$12,2,FALSE) -> Alto | L16: Proveedor | M16: 1 | N16: 9 | O16: La UAEGRTD hará efectiva la clausula de multas y/o sanciones y la garantidad constituida por el proveedor | P16: 2 | Q16: 2 | R16: =SUM(P16:Q16) -> 4 | S16: =VLOOKUP(R16,Inputs!$E$2:$F$12,2,FALSE) -> Bajo | T16: SI | U16: Entidad Contratantr | V16: Desde el perfeccionamiento del contrato | W16: Terminación del plazo de ejecución | X16: SEGUIMIENTO DEL PROCESO Por pate del supervisor del contrato verificando y dejando constancia en su informe mensual del cumplimiento de las obligaciones pactadas | Y16: MENSUAL
A17: 10 | B17: General | C17: Externo | D17: Ejecución | E17: Operacional | F17: Conceptos o servicios errados, esto es cuando los vehículos requeridos no cumplen con los requerimientos de la entidad | G17: Dificulta la ejecución del contrato de manera baja, aplicando medidas mínimas se puede lograr el objeto contractual | H17: 3 | I17: 2 | J17: =SUM(H17:I17) -> 5 | K17: =VLOOKUP(J17,Inputs!$E$2:$F$12,2,FALSE) -> Medio | L17: Proveedor | M17: 1 | N17: 10 | O17: La UAEGRTD impondrá la cláusula de multa y/o penal | P17: 1 | Q17: 1 | R17: =SUM(P17:Q17) -> 2 | S17: =VLOOKUP(R17,Inputs!$E$2:$F$12,2,FALSE) -> Bajo | T17: SI | U17: Proveedor | V17: Desde el perfeccionamiento del contrato | W17: Terminación del plazo de ejecución | X17: SEGUIMIENTO DEL PROCESO Por pate del supervisor del contrato verificando y dejando constancia en su informe mensual del cumplimiento de las obligaciones pactadas | Y17: MENSUAL
A18: 11 | B18: General | C18: Externo | D18: Ejecución | E18: Operacional | F18: Indebida o incorrecta estimación de precios o costos, esto es que los costos ofrecidos son bajos en relación con los precios del mercado. | G18: Obstruye la ejecución del contrato sustancialmente pero aun así permite la consecución del objeto contractual | H18: 3 | I18: 2 | J18: =SUM(H18:I18) -> 5 | K18: =VLOOKUP(J18,Inputs!$E$2:$F$12,2,FALSE) -> Medio | L18: Entidad Contratante | M18: 1 | N18: 11 | O18: La UAEGRTD aplicará las medidas pertinentes para garantizar la ejecución del contrato, haciendo efectiva la ploiza constituida por el proveedor y cederá el contrato a la segunda menor oferta habilitada en el proceso de selección | P18: 2 | Q18: 1 | R18: =SUM(P18:Q18) -> 3 | S18: =VLOOKUP(R18,Inputs!$E$2:$F$12,2,FALSE) -> Bajo | T18: SI | U18: Entidad Contratantr | V18: Desde el perfeccionamiento del contrato | W18: Terminación del plazo de ejecución | X18: SEGUIMIENTO DEL PROCESO Por pate del supervisor del contrato verificando y dejando constancia en su informe mensual del cumplimiento de las obligaciones pactadas | Y18: MENSUAL
A19: 12 | B19: General | C19: Externo | D19: Ejecución | E19: Regulatorio | F19: Uso indebido de la imagen institucional de la UAEGRTD y el consecuente menosbado de la reputación de la UAEGRTD. | G19: Afecta la ejecucion del contrato sin alterar el beneflcio para las partes. | H19: 3 | I19: 3 | J19: =SUM(H19:I19) -> 6 | K19: medio | L19: Proveedor | M19: 10 | N19: 12 | O19: La UAEGRTD impondrá la cláusula de multa, penal y/o liquidación unilateral del contrato. | P19: 2 | Q19: 1 | R19: 3 | S19: Bajo | T19: SI | U19: Entidad Contratantr | V19: Desde el perfeccionamiento del contrato | W19: Terminación del plazo de ejecución | X19: SEGUIMIENTO DEL PROCESO Por pate del supervisor del contrato verificando y dejando constancia en su informe mensual del cumplimiento de las obligaciones pactadas | Y19: MENSUAL
A20: 13 | B20: General | C20: Externo | D20: Ejecución | E20: Operacional | F20: Uso indebido de información por parte del contratista o de sus colaboradores, esto es faltar al deber de confidencialidad de la información propia de la UAEGRTD o que provenga de la labor realizada por el contratista. | G20: Dificultad la ejecución del contrato de manera baja, aplicando medidas mínimas se puede lograr el el objeto contractual | H20: 3 | I20: 2 | J20: 5 | K20: =VLOOKUP(J20,Inputs!$E$2:$F$12,2,FALSE) -> Medio | L20: Entidad Contratante | M20: 1 | N20: 13 | O20: LA UAEGRTD aplicará la póliza constituida por el pronente adjudicatario y las cláusulas de multas y/o sanciones. LA UAEGRT cederá el contrato por el posible incumplinento del proponente adjudicatario a la segunda menor oferta presentada, siempre y cuando cumpla con los requisitos habilitantes. | P20: 3 | Q20: 2 | R20: =SUM(P20:Q20) -> 5 | S20: =VLOOKUP(R20,Inputs!$E$2:$F$12,2,FALSE) -> Medio | T20: SI | U20: Entidad Contratantr | V20: Desde el perfeccionamiento del contrato | W20: Terminación del plazo de ejecución | X20: SEGUIMIENTO DEL PROCESO Por pate del supervisor del contrato verificando y dejando constancia en su informe mensual del cumplimiento de las obligaciones pactadas | Y20: MENSUAL
A21: 14 | B21: General | C21: Externo | D21: Ejecución | E21: Económico | F21: Seguridad de toda la información sensible de la UAEGRTD a la que tenga acceso el contratista. | G21: Dificultad la ejecución del contrato de manera baja, aplicando medidas mínimas se puede lograr el objeto contractual | H21: 2 | I21: 4 | J21: =SUM(H21:I21) -> 6 | K21: =VLOOKUP(J21,Inputs!$E$2:$F$12,2,FALSE) -> Alto | L21: Proveedor | M21: 1 | N21: 14 | O21: LA UAEGRTD aplicará la póliza constituida por el pronente adjudicatario y las cláusulas de multas y/o sanciones. LA UAEGRT cederá el contrato por el posible incumplinento del proponente adjudicatario a la segunda menor oferta presentada, siempre y cuando cumpla con los requisitos habilitantes. | P21: 1 | Q21: 2 | R21: 1 | S21: =VLOOKUP(R21,Inputs!$E$2:$F$12,2,FALSE) -> Bajo | T21: SI | U21: Entidad Contratantr | V21: Desde el perfeccionamiento del contrato | W21: Terminación del plazo de ejecución | X21: SEGUIMIENTO DEL PROCESO Por pate del supervisor del contrato verificando y dejando constancia en su informe mensual del cumplimiento de las obligaciones pactadas | Y21: MENSUAL
A22: 15 | B22: General | C22: Externo | D22: Ejecución | E22: Económico | F22: Pérdida y/o hurto de los elementos y/o bienes de los ocupantes de los vehículos mientras se encuentren bajo cuidado, custodia y/o control del contratista | G22: Obstruye la ejecución del contrato sustancialmente pero aun así permite la consecución del objeto contractual | H22: 2 | I22: 4 | J22: 6 | K22: =VLOOKUP(J22,Inputs!$E$2:$F$12,2,FALSE) -> Alto | L22: Proveedor | M22: 1 | N22: 15 | O22: La UAEGRTD impondrá la cláusula de multa y/o penal | P22: 1 | Q22: 2 | R22: =SUM(P22:Q22) -> 3 | S22: =VLOOKUP(R22,Inputs!$E$2:$F$12,2,FALSE) -> Bajo | T22: SI | U22: Entidad Contratantr | V22: Desde el perfeccionamiento del contrato | W22: Terminación del plazo de ejecución | X22: SEGUIMIENTO DEL PROCESO Por pate del supervisor del contrato verificando y dejando constancia en su informe mensual del cumplimiento de las obligaciones pactadas | Y22: MENSUAL
A23: 16 | B23: General | C23: Externo | D23: Ejecución | E23: Económico | F23: Actos o conductas que impliquen corrupción de los servidores pùblicos vinculados a la UAEGRTD | G23: Afecta la ejecución del contrato sin alterar el beneflcio para las partes | H23: 2 | I23: 4 | J23: =SUM(H23:I23) -> 6 | K23: =VLOOKUP(J23,Inputs!$E$2:$F$12,2,FALSE) -> Alto | L23: Proveedor | M23: 1 | N23: 16 | O23: La UAEGRTD impondrá la cláusula de multa y/o penal al proveedor y denunciará ante los entes de control cualquier anomalia que se presente en la ejecución que sea sujeto a corrupción | P23: 1 | Q23: 2 | R23: =SUM(P23:Q23) -> 3 | S23: =VLOOKUP(R23,Inputs!$E$2:$F$12,2,FALSE) -> Bajo | T23: SI | U23: Proveedor | V23: Desde el perfeccionamiento del contrato | W23: Terminación del plazo de ejecución | X23: SEGUIMIENTO DEL PROCESO Por pate del supervisor del contrato verificando y dejando constancia en su informe mensual del cumplimiento de las obligaciones pactadas | Y23: MENSUAL
A24: 17 | B24: General | C24: Externo | D24: Ejecución | E24: Económico | F24: Actos o conductas que impliquen corrupción del personal vinculado con el contratista | G24: Afecta la ejecución del contrato sin alterar el beneflcio para las partes | H24: 3 | I24: 2 | J24: =SUM(H24:I24) -> 5 | K24: =VLOOKUP(J24,Inputs!$E$2:$F$12,2,FALSE) -> Medio | L24: Proveedor | M24: 1 | N24: 17 | O24: La UAEGRTD impondrá la cláusula de multa y/o penal al proveedor y denunciará ante los entes de control cualquier anomalia que se presente en la ejecución que sea sujeto a corrupción | P24: 1 | Q24: 1 | R24: =SUM(P24:Q24) -> 2 | S24: =VLOOKUP(R24,Inputs!$E$2:$F$12,2,FALSE) -> Bajo | T24: SI | U24: Proveedor | V24: Desde el perfeccionamiento del contrato | W24: Terminación del plazo de ejecución | X24: SEGUIMIENTO DEL PROCESO Por pate del supervisor del contrato verificando y dejando constancia en su informe mensual del cumplimiento de las obligaciones pactadas | Y24: MENSUAL
A25: 18 | B25: General | C25: Externo | D25: Ejecución | E25: Social o Político | F25: Cambios en la situación política sistema de gobierno | G25: Obstruye la ejecución del contrato sustancialmente pero aun así permite la consecución del objeto contractual | H25: 2 | I25: 3 | J25: =SUM(H25:I25) -> 5 | K25: =VLOOKUP(J25,Inputs!$E$2:$F$12,2,FALSE) -> Medio | L25: Proveedor | M25: 1 | N25: 18 | O25: La UAEGRTD buscará vías alternas de desplazamiento. | P25: 1 | Q25: 1 | R25: =SUM(P25:Q25) -> 2 | S25: =VLOOKUP(R25,Inputs!$E$2:$F$12,2,FALSE) -> Bajo | T25: SI | U25: Proveedor | V25: Desde el perfeccionamiento del contrato | W25: Terminación del plazo de ejecución | X25: SEGUIMIENTO DEL PROCESO Por pate del supervisor del contrato verificando y dejando constancia en su informe mensual del cumplimiento de las obligaciones pactadas | Y25: MENSUAL
A26: 19 | B26: General | C26: Externo | D26: Ejecución | E26: Social o Político | F26: Cambios en la situación social, paros, huelgas, actos terroristas | G26: Obstruye la ejecución del contrato sustancialmente pero aun así permite la consecución del objeto contractual | H26: 2 | I26: 4 | J26: 6 | K26: =VLOOKUP(J26,Inputs!$E$2:$F$12,2,FALSE) -> Alto | L26: Proveedor | M26: 1 | N26: 19 | O26: La UAEGRTD buscará vías alternas de desplazamiento. | P26: 1 | Q26: 2 | R26: =SUM(P26:Q26) -> 3 | S26: =VLOOKUP(R26,Inputs!$E$2:$F$12,2,FALSE) -> Bajo | T26: SI | U26: Proveedor | V26: Desde el perfeccionamiento del contrato | W26: Terminación del plazo de ejecución | X26: SEGUIMIENTO DEL PROCESO Por pate del supervisor del contrato verificando y dejando constancia en su informe mensual del cumplimiento de las obligaciones pactadas | Y26: MENSUAL
A27: 20 | B27: General | C27: Externo | D27: Ejecución | E27: Ambiental | F27: Manejo inadecuado de los residuos peligrosos generados por la prestación del servicio objeto del contrato. (Afectación al medio ambiente) | G27: Afecta la ejecución del contrato sin alterar el beneflcio para las partes. | H27: 2 | I27: 2 | J27: 2 | K27: =VLOOKUP(J27,Inputs!$E$2:$F$12,2,FALSE) -> Bajo | L27: Proveedor | M27: 1 | N27: 20 | O27: La UAEGRTD impondrá la cláusula de multa y/o penal | P27: 1 | Q27: 2 | R27: 1 | S27: =VLOOKUP(R27,Inputs!$E$2:$F$12,2,FALSE) -> Bajo | T27: SI | U27: Proveedor | V27: Desde el perfeccionamiento del contrato | W27: Terminación del plazo de ejecución | X27: SEGUIMIENTO DEL PROCESO Por pate del supervisor del contrato verificando y dejando constancia en su informe mensual del cumplimiento de las obligaciones pactadas | Y27: MENSUAL

Sheet Inputs
A1: Clase | B1: Fuente | C1: Etapa | D1: Tipo | E1: Riesgo | F1: Valoración | G1: 1 | H1: Colombia Compra Eficiente
A2: General | B2: Interno | C2: Planeación | D2: Económico | E2: 0 | F2: Bajo | G2: 2 | H2: Proveedor
A3: Específico | B3: Externo | C3: Selección | D3: Sociales o Políticos | E3: 1 | F3: Bajo | G3: 3 | H3: Entidad Contratante
C4: Contratación | D4: Operacionales | E4: 2 | F4: Bajo | G4: 4 | H4: Colombia Compra Eficiente + Proveedor
C5: Ejecución | D5: Financieros | E5: 3 | F5: Bajo | G5: 5 | H5: Colombia Compra Eficiente + Entidad Contratante
C6: Selección / Ejecución | D6: Regulatorios | E6: 4 | F6: Bajo | G6: 6 | H6: Entidad Contratante + Proveedor
C7: Juridico | D7: Naturaleza | E7: 5 | F7: Medio | G7: 7 | H7: Colombia Compra Eficiente + Entidad Contratante + Proveedor
C8: Contratación / Ejecución | D8: Ambientales | E8: 6 | F8: Alto
C9: Planeación / Contratación / Ejecución | D9: Tecnológicos | E9: 7 | F9: Alto
E10: 8 | F10: Extremo
E11: 9 | F11: Extremo
E12: 10 | F12: Extremo
